AoeStats
← Turco Bain

Arabia

508040756Analyzed
1v1 RM · 12d ago on Sep 20, 2026· 50m 7s· 2 players
Game mode
Random Map
Map size
Tiny (2 player)
Population
200
Speed
Normal
Resources
Standard
Victory
Conquest
Starting age
Dark Age
Ending age
Imperial Age
RankedLock teamsTeams togetherTeam positionsShared explorationLock speedFull tech treeHidden civsTurbo modeCheats
Victory
Defeat
🇦🇷 Lithuanians · Argentina
1321
+15
🇷🇸 Magyars · Serbia
1298
-15
Turco Bain
6:23 Loom
9:01 Feudal Age
9:37 Double-Bit Axe
17:14 Wheelbarrow
20:55 Castle Age
19:05 Gold Mining
20:18 Bloodlines
20:14 Scale Mail Armor
21:00 Scale Barding Armor
21:11 Light Cavalry
23:13 Bow Saw
24:18 Horse Collar
28:34 Town Watch
29:00 Husbandry
30:47 Hand Cart
36:00 Chain Barding Armor
40:00 Imperial Age
37:56 Devotion
38:55 Fervor
40:04 Cavalier
44:59 Two-Man Saw
44:05 Heavy Plow
44:07 Herbal Medicine
44:50 Fletching
45:46 Conscription
46:42 Chemistry
46:59 Crop Rotation
46:36 Corvinian Army
46:47 Bodkin Arrow
48:15 Plate Barding Armor
47:41 Bracer
49:05 Coinage
49:59 Hoardings
Destreza
5:29 Loom
9:39 Feudal Age
22:28 Castle Age
21:36 Bloodlines
22:57 Scale Barding Armor
23:03 Forging
23:01 Gold Mining
23:58 Double-Bit Axe
24:28 Horse Collar
25:09 Husbandry
26:53 Bow Saw
31:15 Chain Barding Armor
34:42 Wheelbarrow
35:27 Fletching
37:52 Heavy Plow
38:36 Town Watch
40:14 Hand Cart
45:48 Imperial Age
44:34 Iron Casting
46:07 Cavalier
50:03 Conscription
49:31 Light Cavalry
Connection lost

Rejoining the realm…

Still unreachable

The connection could not be restored.

Session expired

The server has moved on; the page needs a fresh start.